 Dungeon Crawl Stone Soup version 0.30-a0-782-ge64f9170bb (webtiles) character file.

Game seed: 7579872922831776731

196 theswoord the Twirler (level 5, 0/41 HPs)
             Began as a Demonspawn Gladiator on Feb 19, 2023.
             Slain by an orc wizard
             ... wielding a +0 dagger
              (2 damage)
             ... on level 3 of the Dungeon.
             The game lasted 00:04:31 (1671 turns).

theswoord the Twirler (Demonspawn Gladiator)        Turns: 1671, Time: 00:04:32

Health: 0/41       AC: 10    Str: 15    XL:     5   Next: 46%
Magic:  5/5        EV: 17    Int:  8    God:
Gold:   127        SH:  0    Dex: 19    Spells: 4/4 levels left

rFire   . . .      SeeInvis .    a - +0 quarterstaff
rCold   . . .      Faith    .    (shield currently unavailable)
rNeg    . . .      Spirit   .    l - +0 chain mail
rPois   .          Reflect  .    c - +0 helmet
rElec   .          Harm     .    p - +0 cloak
rCorr   .          Rampage  .    (no gloves)
Will    .....                    (no boots) Stlth
                                 (no amulet)
HPRegen 0.26/turn                h - +5 ring of evasion
MPRegen 0.09/turn                m - +5 ring of evasion

@: confused, hasted, very quick
A: ignite blood 1, powered by death 1, agile 1, robust 1
a: no special abilities


You were on level 3 of the Dungeon.
You visited 1 branch of the dungeon, and saw 3 of its levels.

You collected 127 gold pieces.

Inventory:

Hand Weapons
 a - a +0 quarterstaff (weapon)
Missiles
 d - 3 throwing nets (quivered)
 e - a javelin
Armour
 b - a +0 leather armour
 c - a +0 helmet (worn)
 l - a +0 chain mail (worn)
 p - a +0 cloak (worn)
Jewellery
 h - a +5 ring of evasion (left hand)
 m - a +5 ring of evasion (right hand)
 n - a ring of protection from cold
Wands
 j - a wand of mindburst (18)
Scrolls
 k - a scroll of teleportation {unknown}
Potions
 g - 2 potions of degeneration
 i - a potion of magic


   Skills:
 - Level 2.0 Fighting
 + Level 5.7 Staves
 - Level 1.7 Throwing
 - Level 2.6 Dodging


You had 4 spell levels left.
You didn't know any spells.
Your spell library contained the following spells:

 Spells                   Type           Power      Damage    Failure   Level
 Blink                    Tloc           0%         N/A       100%        2
 Lesser Beckoning         Tloc           0%         N/A       100%        2
 Momentum Strike          Conj/Tloc      0%         3d8       100%        2


Dungeon Overview and Level Annotations

Branches:
Dungeon (3/15)

Altars:


Innate Abilities, Weirdness & Mutations

Your demonic aura sometimes causes spilled blood to erupt in flames.
You regenerate a little health from kills.
You are agile. (Dex +4, Str/Int -1)
You are robust. (+10% HP)


Message History

Something hits you but does no damage.
You bump into the rock wall.
Something hits you but does no damage.
You hear some strange, mumbled words.
You are more confused.
The orc wizard misses something.
You feel less attractive to monsters.
You miss something. Something hits you but does no damage.
The orc wizard hits you but does no damage.
Something barely misses you.
You hit the orc wizard. Something barely misses you.
The orc wizard hits you but does no damage.
Something barely misses you.
You hit the orc wizard but do no damage.
You hear some strange, mumbled words.
A magic dart appears from out of thin air!
The magic dart hits you.
* * * LOW HITPOINT WARNING * * *
The orc wizard closely misses itself.
Something hits you but does no damage.
You feel yourself speed up.
An orc wizard appears from thin air!
Reactivating autopickup.
You hear some strange, mumbled words.
A puff of flame appears from out of thin air!
Deactivating autopickup; reactivate with Ctrl-A.
The puff of flame hits you.
* * * LOW HITPOINT WARNING * * *
The orc wizard closely misses you. The orc wizard barely misses you.
Okay, then.
You sock the orc wizard! The orc wizard completely misses you.
Something hits you but does no damage.
The orc wizard hits you but does no damage.
You bump into the rock wall.
You're too confused to move!
The orc wizard misses you.
The orc wizard hits you with a +0 dagger.
* * * LOW HITPOINT WARNING * * *
Something closely misses you.
You miss the orc wizard.
The orc wizard gestures wildly while chanting.
The orc wizard flickers and vanishes!
Something hits you but does no damage.
You bump into the rock wall.
The orc wizard seems less confused.
Something hits you.
You die...

#.........#..###...##
#.##.####.#........# #.##.#
#.##.......# #.##.##
#.#######.## #.##..# #.#
##'## #.###†# #.# ##...##
#.# #.###.# ##.....##
#.###.#.#.# #.......##
.####....){@{.###.........##
...[.....#..o...+.........')
.#######.....####.........##
#.##.## ##.......## #.####
##.....## #.# ##...## #.#
##+# #.# #.# #.#
##########.#


You could see an orc wizard.

Vanquished Creatures
  An orc priest (D:3)
  Jessica (D:3)
  An orc wizard (D:3)
  Robin (D:3)
  3 adders (D:2)
  A worm (D:3)
  2 dart slugs (D:1)
  7 orcs (D:3)
  6 ball pythons
  5 endoplasms
  2 giant cockroaches (D:1)
  7 goblins (D:3)
  5 hobgoblins
  4 jackals (D:1)
  3 kobolds
  3 quokkas
  6 bats
  2 frilled lizards
  3 rats
63 creatures vanquished.

Notes
Turn   | Place    | Note
-------+----------+-------------------------------------------
     0 | D:1      | theswoord the Demonspawn Gladiator began the quest for the
                  | Orb.
     0 | D:1      | Reached XP level 1. HP: 16/16 MP: 1/1
    19 | D:1      | Reached skill level 3 in Staves
    26 | D:1      | Gained mutation: You regenerate a little health from kills.
                  | [demonic ancestry]
    26 | D:1      | Reached XP level 2. HP: 20/22 MP: 2/2
   356 | D:1      | Gained mutation: Your demonic aura sometimes causes spilled
                  | blood to erupt in flames. [demonic ancestry]
   356 | D:1      | Reached XP level 3. HP: 27/27 MP: 3/3
   397 | D:1      | Found a faded altar of an unknown god.
   648 | D:2      | Reached skill level 4 in Staves
  1221 | D:2      | Reached XP level 4. HP: 33/33 MP: 4/4
  1369 | D:3      | Noticed Jessica
  1421 | D:3      | Reached skill level 5 in Staves
  1423 | D:3      | Killed Jessica
  1424 | D:3      | Reached XP level 5. HP: 35/38 MP: 5/5
  1488 | D:3      | Noticed Robin
  1505 | D:3      | Killed Robin
  1657 | D:3      | Gained mutation: You are agile. (Dex +4, Str/Int -1)
                  | [potion of mutation]
  1657 | D:3      | Gained mutation: You are robust. (+10% HP) [potion of
                  | mutation]
  1668 | D:3      | HP: 1/41 [orc wizard/+0 dagger (3)]
  1671 | D:3      | Slain by an orc wizard

Skill      XL: |  1  2  3  4 |
---------------+-------------+-----
Staves         | 3 4 5 |  5.7
Fighting       | |  2.0
Throwing       | |  1.7
Dodging        | |  2.6

Action                     |  1- 3 |  4- 6 || total
---------------------------+-------+-------++-------
  Melee: Quarterstaff      |   119 |    93 ||   212
    Use: Scroll            |     6 |       ||     6
         Potion            |       |     6 ||     6
   Stab: Sleeping          |     1 |       ||     1
 Armour: Leather armour    |    27 |       ||    27
         Chain mail        |    11 |    51 ||    62
  Dodge: Dodged            |   112 |    68 ||   180

Levels and vault maps discovered:
D:1:      reono_arrival_forest_river, layout_rooms,
          hellmonk_ecumenical_altar_lost_god, minivault_4
D:2:      layout_loops_cross, minmay_tiny_reverse_x
D:3:      layout_loops_corners, uniq_terence, uniq_jessica, uniq_robin
